 Dungeon Crawl Stone Soup version 0.29.1-12-g30fa7ad0bf (webtiles) character file.

Game seed: 10882070735897648230

67 thatblackman the Grave Robber (level 4, 0/24 HPs)
             Began as a Vampire Necromancer on Dec 29, 2022.
             Slain by a bullfrog skeleton (2 damage)
             ... on level 3 of the Dungeon.
             The game lasted 00:15:39 (996 turns).

thatblackman the Grave Robber (Vampire Necromancer)  Turns: 996, Time: 00:15:39

Health: 0/24       AC:  2    Str:  5 (7)  XL:     4   Next: 0%
Magic:  4/8        EV: 12    Int: 17 (19) God:
Gold:   86         SH:  0    Dex: 12 (14) Spells: 0/8 levels left

rFire   . . .      SeeInvis +   b - +2 whip (drain)
rCold   + + .      Faith    .   (no shield)
rNeg    + + +      Spirit   .   a - +0 robe
rPois   ∞          Reflect  .   (no helmet)
rElec   +          Harm     +   (no cloak)
rCorr   +          Rampage  .   (no gloves)
Will    .....                   (no boots)
Stlth   ++++......              c - amulet "Liom Ust" {Acrobat Harm Drain rElec rCorr}
HPRegen 0.00/turn               i - ring of resist corrosion
MPRegen 0.11/turn               (no ring)

@: animating dead, bloodless, inhibited regen
A: bloodless, fangs 3, see invisible, vampiric 2
a: Bat Form, Revivify


You were on level 3 of the Dungeon.
You visited 1 branch of the dungeon, and saw 3 of its levels.

You collected 86 gold pieces.

Inventory:

Hand Weapons
 b - a +2 whip of draining (weapon)
 e - a +0 short sword
 h - a +0 dagger
 l - a +0 quarterstaff
Armour
 a - a +0 robe (worn)
 d - a +0 scale mail
Jewellery
 c - the amulet "Liom Ust" (around neck) {Acrobat Harm Drain rElec rCorr}
   (You found it on level 3 of the Dungeon)

   [amulet of the acrobat]

   It increases your evasion while moving and waiting.
   rElec:     It insulates you from electricity.
   rCorr:     It protects you from acid and corrosion.
   Drain:     It drains your maximum health when unequipped.
   Harm:      It increases damage dealt and taken.
 f - a +4 ring of protection
 i - a ring of resist corrosion (left hand)
Scrolls
 j - a scroll of enchant armour {unknown}
 m - a scroll of summoning {unknown}
Potions
 k - a potion of lignification {unknown}


   Skills:
 + Level 0.1 Fighting
 + Level 0.3 Short Blades
 + Level 0.3 Armour
 + Level 2.3 Dodging
 + Level 3.1 Stealth
 + Level 0.1 Unarmed Combat
 + Level 2.8 Spellcasting
 + Level 5.3 Necromancy


You couldn't memorise any spells.
You knew the following spells:

 Your Spells              Type           Power      Damage    Failure   Level
a - Necrotise             Necr           80%        1d8       1%          1
b - Vampiric Draining     Necr           20%        2d7       6%          3
c - Animate Dead          Necr           20%        N/A       21%         4

Your spell library contained the following spells:

 Spells                   Type           Power      Damage    Failure   Level
 Agony                    Necr           20%        N/A       50%         5


Dungeon Overview and Level Annotations

Branches:
Dungeon (3/15)

Altars:

Shops:
D:2 =

Annotations:
D:3 1 transporter, Jingleheimer's ghost, amateur DsFi


Innate Abilities, Weirdness & Mutations

You do not regenerate when monsters are visible.
You are frail without blood (-20% HP).
You can heal yourself when you bite living creatures.
You are immune to poison.
You have razor-sharp teeth.
You have supernaturally acute eyesight. (SInv)
You are afflicted with vampirism and can become a bat while bloodless.


Message History

b - a +2 whip of draining (weapon)
Unknown command.
Okay, then.
There is an escape hatch in the floor here.
Found a plate armour.
Found a stone staircase leading up.
Found a transporter.
Found a transporter.
Found 5 stones.
Jingleheimer's ghost turns its malevolent gaze towards you.
There is a transporter here.
You enter the transporter and appear at another place.
You can't go down here!
You can't go up here!
Casting: Necrotise (safe; 1% risk of failure)
Confirm with . or Enter, or press ? or * to list all spells.
The spell is astonishingly dangerous to miscast (21% risk of failure)!
Continue anyway?
You call upon the dead to rise.
You hit the bullfrog skeleton.
The bullfrog skeleton is lightly damaged.
The bullfrog skeleton closely misses you.
The water moccasin zombie bites you.
You hit the bullfrog skeleton but do no damage.
You bite the bullfrog skeleton, but do no damage.
The bullfrog skeleton is lightly damaged.
The bullfrog skeleton closely misses you.
The bullfrog zombie hits you but does no damage.
The water moccasin zombie barely misses you.
You hit the bullfrog skeleton.
The bullfrog skeleton is moderately damaged.
The bullfrog skeleton hits you.
The bullfrog zombie hits you but does no damage.
The water moccasin zombie bites you. The bullfrog skeleton hits you.
* * * LOW HITPOINT WARNING * * *
You hit the bullfrog skeleton.
The bullfrog skeleton is moderately damaged.
The bullfrog zombie closely misses you.
The water moccasin zombie bites you but does no damage.
The bullfrog skeleton hits you.
You die...

#.>...................####
#.##............ ....(.. #.#.
##..#############...#
....###..#...........#...#
.........#...........#...#
...####..#..###.###..#...#
##........#..#8#.#8#..#...#
#.#####..#(..!..Z....#...#
#.©#?..n.@ZZ...#©..# #
#..#......ZW...#..######.#
#..#..#8#.#8#..#..........
#<#####..#[.###.###..#..#####.#.
.........#...........#..# #
##.####..#....[.....©#..# .#.
#..#############..# #..
#.................# #.#
#.................# #.#


You could see a necrophage, Jingleheimer's ghost, a water moccasin zombie, a
bullfrog zombie, a centaur zombie and a bullfrog skeleton.

Vanquished Creatures
  3 adders
  An orc (D:3)
  2 ball pythons
  3 bats (D:1)
  2 endoplasms
  2 giant cockroaches
  3 goblins
  A hobgoblin (D:2)
  3 jackals (D:3)
  2 quokkas
  A frilled lizard (D:3)
  2 kobolds
  3 rats
28 creatures vanquished.

Vanquished Creatures (collateral kills)
  2 endoplasms
  A goblin (D:1)
  A kobold (D:1)
  A ball python (D:1)
  2 frilled lizards
  A rat (D:1)
8 creatures vanquished.

Grand Total: 36 creatures vanquished

Notes
Turn   | Place    | Note
-------+----------+-------------------------------------------
     0 | D:1      | thatblackman the Vampire Necromancer began the quest for
                  | the Orb.
     0 | D:1      | Reached XP level 1. HP: 13/13 MP: 3/3
   145 | D:1      | Reached XP level 2. HP: 13/19 MP: 0/5
   460 | D:2      | Gained mutation: You are afflicted with vampirism and can
                  | become a bat while bloodless. [Vampire growth]
   460 | D:2      | Reached XP level 3. HP: 13/24 MP: 6/6
   463 | D:2      | Reached skill level 5 in Necromancy
   467 | D:2      | Learned a level 3 spell: Vampiric Draining
   565 | D:2      | Found Pyigh's Jewellery Emporium.
   749 | D:3      | Identified the amulet "Liom Ust" {Acrobat Harm Drain rElec
                  | rCorr}
   892 | D:3      | Reached XP level 4. HP: 24/24 MP: 6/8
   903 | D:3      | Learned a level 4 spell: Animate Dead
   919 | D:3      | Noticed a necrophage
   970 | D:3      | Found a transporter.
   974 | D:3      | Noticed Jingleheimer's ghost (amateur DsFi)
   975 | D:3      | Found a transporter.
   996 | D:3      | Slain by a bullfrog skeleton

Illustrated notes

Levels and vault maps discovered:
D:1:      lightli_arrival_boilingwater, layout_basic
D:2:      layout_loops_cross, serial_shops, shop
D:3:      cheibrodos_helix_gallery, layout_loops_ring,
          gammafunk_ghost_mausoleum, uniq_natasha

Skill      XL: |  1  2  3 |
---------------+----------+-----
Necromancy     | 5 |  5.3
Fighting       | |  0.1
Short Blades   | |  0.3
Armour         | |  0.3
Dodging        | |  2.3
Stealth        | |  3.1
Unarmed Combat | |  0.1
Spellcasting   | |  2.8

Action                   |  1- 3 |  4- 6 || total
-------------------------+-------+-------++-------
Melee: Unarmed           |    10 |       ||    10
       Short sword       |     7 |       ||     7
       Bite              |     4 |     1 ||     5
       Punch             |     1 |       ||     1
       Dagger            |    16 |       ||    16
       Quarterstaff      |    11 |       ||    11
       Whip              |       |     4 ||     4
 Cast: Necrotise         |    26 |       ||    26
       Vampiric Draining |     5 |       ||     5
       Animate Dead      |       |     1 ||     1
 Abil: Exsanguinate      |     1 |       ||     1
       End Transformatio |       |     1 ||     1
       Bat Form          |       |     1 ||     1
  Use: Potion            |     3 |       ||     3
       Scroll            |     2 |       ||     2
Armor: Scale mail        |    21 |       ||    21
       Robe              |    12 |     3 ||    15
Dodge: Dodged            |    44 |     4 ||    48
